 Dungeon Crawl Stone Soup version 0.30-a0-779-g7971cf19c3 (webtiles) character file.

Game seed: 10417999099994284433

1389 Farfigtubin the Sneak (level 9, -5/39 (45) HPs)
             Began as a Kobold Enchanter on Feb 17, 2023.
             Was an Initiate of Dithmenos.
             Slain by a wight
             ... wielding a +4 war axe
              (10 damage)
             ... on level 7 of the Dungeon on Feb 18, 2023.
             The game lasted 00:37:05 (6104 turns).

Farfigtubin the Sneak (Kobold Enchanter)            Turns: 6104, Time: 00:37:06

HP:   -5/39 (45)    AC:  6    Str: 11    XL:     9   Next: 0%
MP:   13/17         EV: 17    Int: 19    God:    Dithmenos [......]
Gold: 306           SH:  5    Dex: 19    Spells: 14/19 levels left

rFire   + + .      SeeInvis .    a - +1 dagger
rCold   . . .      Faith    .    (no shield)
rNeg    . . .      Spirit   .    b - +0 robe
rPois   .          Reflect  +    (no helmet)
rElec   +          Harm     .    (no cloak)
rCorr   .          Rampage  .    t - +2 pair of gloves
Will    +....                    k - +0 pair of boots of Uheulahi {Will+}
Stlth   +++++                    w - amulet of reflection
HPRegen 0.26/turn                z - ring of Freedom {Contam rElec rF++ Str+6 Int+2}
MPRegen 0.15/turn                (no ring)

@: heavily drained
A: small, no large weapons, nightstalker 3
a: Renounce Religion


You were on level 7 of the Dungeon.
You worshipped Dithmenos.
Dithmenos was noncommittal.
You visited 2 branches of the dungeon, and saw 8 of its levels.

You collected 306 gold pieces.

Inventory:

Hand Weapons
 a - a +1 dagger (weapon)
Missiles
 h - 72 stones
 m - 3 throwing nets
 q - 23 poisoned darts (quivered)
Armour
 b - a +0 robe (worn)
 k - the +0 pair of boots of Uheulahi (worn) {Will+}
   (You found it on level 2 of the Dungeon)

   Will:      It increases your willpower.
 t - a +2 pair of gloves (worn)
Jewellery
 w - an amulet of reflection (around neck)
 z - the ring of Freedom (left hand) {Contam rElec rF++ Str+6 Int+2}
   (You found it on level 5 of the Dungeon)

   [ring of strength]

   Str:       It affects your strength (+6).
   Int:       It affects your intelligence (+2).
   rF:        It greatly protects you from fire.
   rElec:     It insulates you from electricity.
   Contam:    It causes magical contamination when unequipped.
Wands
 v - a wand of digging (6)
Scrolls
 d - 8 scrolls of identify {unknown}
 g - a scroll of enchant weapon {unknown}
 l - a scroll of magic mapping {unknown}
 n - a scroll of blinking {unknown}
 p - 2 scrolls of teleportation {unknown}
 s - 2 scrolls of immolation {unknown}
 x - 2 scrolls of amnesia {unknown}
 y - a scroll of noise {unknown}
 A - a scroll of torment {unknown}
 B - a scroll of poison {unknown}
Potions
 c - a potion of invisibility
 e - a potion of lignification {unknown}
 f - 2 potions of heal wounds {unknown}
 i - 2 potions of curing
 j - 2 potions of berserk rage {unknown}
 o - 4 potions of brilliance {unknown}
 r - 2 potions of haste
 u - 2 potions of magic {unknown}


   Skills:
 + Level 4.9 Short Blades
 + Level 3.1 Throwing
 + Level 5.1 Dodging
 + Level 6.7 Stealth
 * Level 5.8 Spellcasting
 + Level 4.7 Hexes
 + Level 3.0 Ice Magic


You had 14 spell levels left.
You knew the following spells:

 Your Spells              Type           Power      Damage    Failure   Level
a - Ensorcelled Hibernat  Hex/Ice        40%        N/A       3%          2
b - Confusing Touch       Hex            23%        N/A       4%          3

Your spell library contained the following spells:

 Spells                   Type           Power      Damage    Failure   Level
 Tukima's Dance           Hex            23%        N/A       4%          3
 Foxfire                  Conj/Fire      20%        2x1d5     12%         1
 Summon Small Mammal      Summ           20%        N/A       12%         1
 Dazzling Flash           Conj/Hex       28%        N/A       13%         3
 Summon Guardian Golem    Hex/Summ       14%        N/A       13%         3
 Call Canine Familiar     Summ           5%         N/A       34%         3
 Ignite Poison            Fire/Tmut/Pois 5%         N/A       34%         3
 Kindle Blastsparks       Fire/Tloc/Air  10%        2d10      34%         3
 Freezing Cloud           Conj/Ice/Air   4%         6-21      91%         5
 Fireball                 Conj/Fire      2%         3d4       97%         5
 Starburst                Conj/Fire      2%         6d3       100%        6


Dungeon Overview and Level Annotations

Branches:
Dungeon (7/15)             Temple (1/1) D:5

Altars:
Ashenzari
Cheibriados
Dithmenos
Elyvilon
Fedhas
Gozag
Hepliaklqana
Kikubaaqudgha
Nemelex Xobeh
Qazlal
Ru
Trog
Uskayaw
Vehumet
Wu Jian
Xom
Yredelemnul
Zin

Annotations:
D:2 Natasha
D:4 Eustachio


Innate Abilities, Weirdness & Mutations

You are small and have problems with some larger weapons.
You are completely attuned to the shadows.


Message History

You feel agile. x2
You now have 306 gold pieces (gained 14).
A wight comes into view.
It is wielding a +4 war axe and wearing a +2 robe of willpower.
Casting: Confusing Touch (dangerous; 4% risk of failure)
Confirm with . or Enter, or press ? or * to list all spells.
Your hands begin to glow red.
You hit the wight but do no damage. You barely miss the wight.
The wight hits you with a +4 war axe.
You feel drained.
You hit the wight but do no damage. You block the wight's attack.
You hit the wight but do no damage. You block the wight's attack.
You hit the wight but do no damage. You hit the wight but do no damage.
The wight completely misses you.
You closely miss the wight. The wight hits you with a +4 war axe!
You feel drained.
You completely miss the wight. You barely miss the wight.
The wight closely misses you.
You closely miss the wight. You block the wight's attack.
You hit the wight but do no damage. The wight barely misses you.
You hit the wight but do no damage. You hit the wight but do no damage.
The wight barely misses you.
You hit the wight but do no damage. You block the wight's attack.
You hit the wight but do no damage.
Your hands stop glowing.
The wight hits you with a +4 war axe!
You feel drained.
Casting: Confusing Touch (dangerous; 4% risk of failure)
Confirm with . or Enter, or press ? or * to list all spells.
Your hands begin to glow red.
The wight completely misses you.
You barely miss the wight. You barely miss the wight.
You block the wight's attack.
You barely miss the wight. You block the wight's attack.
You barely miss the wight. The wight hits you with a +4 war axe!
* * * LOW HITPOINT WARNING * * *
You feel drained.
* * * LOW HITPOINT WARNING * * *
The wight attacks as you move away! The wight barely misses you.
You hit the wight but do no damage. You hit the wight but do no damage.
The wight appears confused.
The wight hits you with a +4 war axe!
You die...

.# #. .## ##.#
....## ##..##
.....### ##....#
.....†.##
###z.....#
.........##
###.@####...
..........###...##
...
..........#...###
.. ............###
..........###
.........##
###...)###
.....### ....##


You could see a wight (confused).

Vanquished Creatures
  Grinder (D:5)
  Sigmund (D:6)
  A sky beast (D:6)
  An ogre (D:7)
  A centaur (D:6)
  A necrophage (D:6)
  A scorpion (D:5)
  3 wights (D:7)
  A howler monkey (D:6)
  An orc priest (D:4)
  3 hounds
  4 iguanas
  Natasha (D:2)
  An orc wizard (D:5)
  6 adders
  4 gnolls (D:2)
  A worm (D:5)
  A dart slug (D:1)
  6 orcs
  2 bats (D:1)
  A bat zombie (D:4)
  9 endoplasms
  6 giant cockroaches
  4 goblins
  5 hobgoblins
  3 jackals (D:5)
  7 kobolds
  2 quokkas
  5 ball pythons
  A frilled lizard (D:1)
  9 rats
93 creatures vanquished.

Vanquished Creatures (others)
  2 fungi (D:4)
2 creatures vanquished.

Grand Total: 95 creatures vanquished

Notes
Turn   | Place    | Note
-------+----------+-------------------------------------------
     0 | D:1      | Farfigtubin the Kobold Enchanter began the quest for the
                  | Orb.
     0 | D:1      | Reached XP level 1. HP: 10/10 MP: 3/3
    50 | D:1      | Reached XP level 2. HP: 10/15 MP: 5/5
   465 | D:1      | Reached XP level 3. HP: 19/19 MP: 6/6
   472 | D:1      | Found a faded altar of an unknown god.
  1215 | D:2      | Reached XP level 4. HP: 24/24 MP: 8/8
  1467 | D:2      | Noticed Natasha
  1483 | D:2      | Killed Natasha
  1560 | D:2      | Noticed Natasha
  1730 | D:2      | Reached XP level 5. HP: 24/28 MP: 9/9
  1783 | D:2      | Identified the +0 pair of boots of Uheulahi {Will+}
  1819 | D:3      | Learned a level 2 spell: Ensorcelled Hibernation
  2988 | D:4      | Found a glowing silver altar of Zin.
  3038 | D:4      | Noticed Eustachio
  3285 | D:4      | Found an ancient bone altar of Kikubaaqudgha.
  3343 | D:4      | Found a sacrificial altar of Ru.
  3424 | D:5      | Entered Level 5 of the Dungeon
  3426 | D:5      | Reached skill level 5 in Stealth
  3426 | D:5      | Reached XP level 6. HP: 7/32 MP: 7/11
  3436 | D:5      | Reached skill level 1 in Ice Magic
  3554 | D:5      | Found a bloodstained altar of Trog.
  3593 | D:5      | Noticed a torpor snail
  3595 | D:5      | Found a snail-covered altar of Cheibriados.
  3595 | D:5      | Noticed a torpor snail
  3598 | D:5      | Noticed a torpor snail
  3668 | D:5      | Found a staircase to the Ecumenical Temple.
  3681 | Temple   | Entered the Ecumenical Temple
  3861 | Temple   | Became a worshipper of Dithmenos the Shadowed
  4289 | D:5      | Reached skill level 1 in Throwing
  4311 | D:5      | Identified the ring of Freedom {Contam rElec rF++ Str+6
                  | Int+2}
  4586 | D:5      | Noticed Grinder
  4617 | D:5      | Killed Grinder
  4618 | D:5      | Reached XP level 7. HP: 16/36 MP: 13/13
  4703 | D:5      | Found a radiant altar of Vehumet.
  5060 | D:6      | Reached XP level 8. HP: 41/41 MP: 15/15
  5193 | D:6      | Reached skill level 6 in Stealth
  5193 | D:6      | Reached skill level 5 in Spellcasting
  5205 | D:6      | Learned a level 3 spell: Confusing Touch
  5310 | D:6      | Noticed Sigmund
  5314 | D:6      | Killed Sigmund
  5916 | D:7      | Reached skill level 5 in Dodging
  6061 | D:7      | Reached XP level 9. HP: 45/45 MP: 17/17
  6104 | D:7      | Slain by a wight

Illustrated notes

Levels and vault maps discovered:
D:1:      dpeg_arrival_court, layout_rooms, serial_co_window_serial,
          co_window_corner_a, co_window_cross_1, co_window_corner_a,
          co_window_corner_a, co_window_paths_a, co_window_broadway_c,
          co_window_2corner, co_window_corner_cb, co_window_4corner_b,
          co_window_4corner_a, glass_columns_a, glass_columns_a,
          glass_columns_a, glass_columns_a, glass_columns_a,
          chequers_ecumenical_altar_island
D:2:      layout_basic, roderic_lattice_a, kennysheep_generic_room_15,
          uniq_natasha
D:3:      layout_loops_ring
D:4:      layout_cave_pools, nicolae_ru_path_of_blood,
          lemuel_zombie_altar_kikubaaqudgha, mainiacjoe_overflow_boulevard,
          serial_rivers, chequers_serial_rivers_small_b,
          chequers_serial_rivers_small_3, chequers_serial_rivers_micro_c,
          chequers_serial_rivers_small_a, uniq_eustachio
D:5:      layout_basic, nicolae_vehumet_radiance, trog_three_pillars_becter,
          cheibriados_altar_2, minmay_temple_entry_grid, serial_rivers,
          chequers_serial_rivers_room_a, chequers_serial_rivers_large_b,
          chequers_serial_rivers_room_a, chequers_serial_rivers_micro_b,
          chequers_serial_rivers_small_b, chequers_serial_rivers_small_3,
          minmay_holes, uniq_grinder
D:6:      layout_basic, uniq_sigmund
D:7:      layout_cave_pods, makhleb_blood_cavern_becter
Temple:   minmay_temple_forest_path

Skill      XL: |  1  2  3  4  5  6  7  8 |
---------------+-------------------------+-----
Dodging        | 3 4 5 |  5.1
Short Blades   | 2 3 4 |  4.9
Spellcasting   | 3 4 5 |  5.8
Stealth        | 5 6 |  6.7
Ice Magic      | 1 2 3 |  3.0
Throwing       | 1 2 3 |  3.1
Hexes          | 4 |  4.7

Action                     |  1- 3 |  4- 6 |  7- 9 || total
---------------------------+-------+-------+-------++-------
  Melee: Dagger            |    61 |   170 |    93 ||   324
         Punch             |     2 |     3 |     3 ||     8
  Throw: Stone             |       |     5 |       ||     5
         Dart              |       |    24 |       ||    24
   Cast: Ensorcelled Hiber |       |    15 |     7 ||    22
         Confusing Touch   |       |       |     5 ||     5
    Use: Potion            |       |     2 |       ||     2
   Stab: Sleeping          |    24 |    25 |    12 ||    61
         Distracted        |     1 |       |       ||     1
         Invisible         |       |     1 |       ||     1
         Confused          |       |       |     3 ||     3
 Armour: Robe              |     7 |    27 |     4 ||    38
  Dodge: Dodged            |    21 |   108 |    47 ||   176
  Block: Other             |       |       |    18 ||    18
         Reflection        |       |       |     1 ||     1

Table legend: (Time is in decaauts)
 A = Elapsed time spent in this place.
 B = Non-inter-level travel time spent in this place.
 C = Inter-level travel time spent in this place.
 D = Time resting spent in this place.
 E = Time spent auto-exploring this place.
 F = Levels seen in this place.
 G = Mean time per level.
                   A        B        C        D        E       F      G
               +--------+--------+--------+--------+--------+-----+--------+
         Total |   6098 |   5866 |    232 |    338 |   2169 |   8 |  762.2 |
       Dungeon |   5668 |   5490 |    178 |    338 |   1810 |   7 |  809.7 |
        Temple |    430 |    376 |     54 |      0 |    359 |   1 |  430.0 |
               +--------+--------+--------+--------+--------+-----+--------+

Top non-repeatable levels by time:
     D:1: 1147 daAuts
     D:5: 1103 daAuts
     D:2: 1039 daAuts
     D:3: 844 daAuts
     D:6: 786 daAuts
     D:4: 501 daAuts
  Temple: 430 daAuts
     D:7: 245 daAuts
